 Dungeon Crawl Stone Soup version 0.31-a0-986-g5e6e4ef867 (webtiles) character file.

Game seed: 14662139113008024112

229 horus123 the Chopper (level 6, 0/56 HPs)
             Began as a Hill Orc Fighter on Nov 16, 2023.
             Slain by a gnoll
             ... wielding a +3 flail
              (7 damage)
             ... on level 3 of the Dungeon.
             The game lasted 00:04:43 (3202 turns).

horus123 the Chopper (Hill Orc Fighter)             Turns: 3202, Time: 00:04:44

Health: 0/56       AC: 10    Str: 21    XL:     6   Next: 3%
Magic:  6/6        EV:  7    Int:  8    God:
Gold:   165        SH:  4    Dex: 10    Spells: 5/5 levels left

rFire   . . .        a - +0 war axe
rCold   . . .        c - +0 buckler
rNeg    . . .        i - +1 chain mail
rPois   .            (no helmet)
rElec   .            (no cloak)
rCorr   .            (no gloves)
SInv    .            (no boots)
Will    .....        (no amulet) Stlth
                     (no ring)
HPRegen 0.29/turn    (no ring)
MPRegen 0.10/turn

%: no passive effects
@: no status effects
A: no striking features
a: no special abilities


You were on level 3 of the Dungeon.
You visited 1 branch of the dungeon, and saw 4 of its levels.

You collected 165 gold pieces.

Inventory:

Hand Weapons
 a - a +0 war axe (weapon)
Missiles
 b - 2 throwing nets
 f - 5 poisoned darts (quivered)
 r - 3 boomerangs
Armour
 c - a +0 buckler (worn)
 i - a +1 chain mail (worn)
Wands
 n - a wand of charming (11)
Scrolls
 g - a scroll of teleportation
 h - a scroll of immolation
Potions
 d - a potion of might
 e - 2 potions of attraction
 j - 2 potions of curing {unknown}
 k - 2 potions of brilliance {unknown}
 l - a potion of resistance {unknown}
 m - 3 potions of enlightenment {unknown}


   Skills:
 - Level 5.0 Fighting
 - Level 7.0 Axes
 + Level 3.4 Armour
 - Level 3.2 Shields


You had 5 spell levels left.
You didn't know any spells.
Your spell library contained the following spells:

 Spells                   Type           Power      Damage    Failure   Level
 Slow                     Hex            0%         N/A       98%         1
 Ensorcelled Hibernation  Hex/Ice        0%         N/A       99%         2
 Passwall                 Tmut/Erth      0%         N/A       99%         2
 Call Canine Familiar     Summ           0%         N/A       100%        3
 Confusing Touch          Hex            0%         N/A       100%        3
 Dazzling Flash           Conj/Hex       0%         N/A       100%        3
 Sigil of Binding         Hex            0%         N/A       100%        3
 Swiftness                Air            0%         N/A       100%        3
 Vampiric Draining        Necr           0%         2d6       100%        3
 Dimensional Bullseye     Hex/Tloc       0%         N/A       100%        4
 Leda's Liquefaction      Hex/Erth       0%         N/A       100%        4
 Agony                    Necr           0%         N/A       100%        5
 Silence                  Hex/Air        0%         N/A       100%        5


Dungeon Overview and Level Annotations

Branches:
Dungeon (4/15)
 Temple: D:4-7

Altars:

Annotations:
D:4 horus123's ghost, amateur DECj


Message History

You hit the gnoll.
The gnoll hits you from afar with a +0 halberd.
The gnoll barely misses you.
Training target 7.0 for Axes reached!
Your Axes skill increases to level 7!
You need to enable at least one skill for training.
You see here 8 stones.
The gnoll attacks as it pursues you! The gnoll hits you with a +0 whip.
You block the gnoll's attack. The gnoll attacks as it pursues you!
The gnoll hits you with a +3 flail! The gnoll attacks as it pursues you!
You block the gnoll's attack.
You slash the gnoll!
The gnoll is severely wounded.
The gnoll hits you but does no damage.
You barely miss the gnoll.
The gnoll is severely wounded.
The gnoll hits you but does no damage. x2
You slash the gnoll!
You kill the gnoll!
The gnoll hits you but does no damage. You block the gnoll's attack.
You have reached level 6!
You closely miss the gnoll. The gnoll hits you with a +3 flail!
The gnoll hits you from afar with a +0 halberd.
You hit the gnoll but do no damage. The gnoll hits you but does no damage.
The gnoll hits you from afar with a +0 halberd.
* * * LOW HITPOINT WARNING * * *
You barely miss the gnoll. The gnoll hits you with a +3 flail!
* * * LOW HITPOINT WARNING * * *
The gnoll barely misses you. The gnoll attacks as it pursues you!
The gnoll hits you with a +3 flail.
* * * LOW HITPOINT WARNING * * *
The gnoll attacks as it pursues you! You block the gnoll's attack.
The gnoll attacks as it pursues you! The gnoll hits you with a +3 flail.
* * * LOW HITPOINT WARNING * * *
The gnoll attacks as it pursues you! The gnoll barely misses you.
There is a stone staircase leading up here.
You climb upwards.
There is a stone staircase leading down here.
You hit the gnoll but do no damage. The gnoll hits you with a +3 flail!
You die...

..###.#..#....#...#.#.#
......#..#.##.#..##.#.#
..#####..#.##.#...#.#.#
......#..#.#......#.#.#
#####.#..#....#...#.#.#
####..#..##...#...#.#.#
.........##...#...#.#.#
####.##.###...#...#.#.#
...#.##.###...#.@.#.#.#
##.#.##.#.....#g..#.#†#
##.#.##.#.#.#.......#.#
##.#.##.#.#.......#.#.#
##.#.##.#############.#
...................##.#
##.#.##.##########.##.#
##.#.##†# #.##.#
##.#.##.# #.##.#


You could see a gnoll.

Vanquished Creatures
  An ice beast (D:3)
  A jelly (D:4)
  An orc priest (D:4)
  2 gnolls (D:4)
  2 worms
  2 dart slugs (D:3)
  3 orcs
  3 ball pythons
  2 endoplasms
  5 giant cockroaches
  3 goblins
  2 hobgoblins
  6 kobolds
  A quokka (D:1)
  5 bats
  3 frilled lizards
  4 rats
46 creatures vanquished.

Notes
Turn   | Place    | Note
-------+----------+-------------------------------------------
     0 | D:1      | horus123 the Hill Orc Fighter began the quest for the Orb.
     0 | D:1      | Reached XP level 1. HP: 19/19 MP: 1/1
   198 | D:1      | Reached XP level 2. HP: 22/27 MP: 2/2
  1871 | D:3      | Reached skill level 5 in Fighting
  1871 | D:3      | Reached XP level 3. HP: 21/36 MP: 3/3
  2070 | D:3      | Reached skill level 3 in Axes
  2408 | D:3      | Noticed an ice beast
  2419 | D:3      | Killed an ice beast
  2420 | D:3      | Reached skill level 5 in Axes
  2420 | D:3      | Reached XP level 4. HP: 42/42 MP: 4/4
  2420 | D:3      | Reached XP level 5. HP: 48/48 MP: 5/5
  2878 | D:4      | Reached skill level 6 in Axes
  3112 | D:4      | Noticed an ice beast
  3114 | D:4      | Noticed horus123's ghost (amateur DECj)
  3145 | D:4      | Reached skill level 7 in Axes
  3183 | D:4      | Reached XP level 6. HP: 29/56 MP: 6/6
  3202 | D:3      | Slain by a gnoll

Illustrated notes

Levels and vault maps discovered:
D:1:      sevenhm_arrival_forest_fort_large_4, layout_loops_corners,
          hangedman_abyss_or_decor_stabs, minmay_liquid_box
D:2:      layout_basic, serial_forest, infiniplex_forest_lined_2,
          infiniplex_forest_end_3, infiniplex_forest_clump_diagonal,
          infiniplex_forest_lined_2, infiniplex_forest_clump_long,
          infiniplex_forest_end_1, infiniplex_forest_diagonal,
          skrybe_limestone_x
D:3:      layout_basic
D:4:      layout_loops_corners, gammafunk_ghost_icy, uniq_duvessa, uniq_pikel

Skill      XL: |  1  2  3  4  5 |
---------------+----------------+-----
Fighting       | 4 5 |  5.0
Axes           | 5 7 |  7.0
Armour         | |  3.4
Shields        | |  3.2

Action                     |  1- 3 |  4- 6 || total
---------------------------+-------+-------++-------
  Melee: War axe           |    88 |    37 ||   125
  Throw: Dart              |    22 |       ||    22
    Use: Potion            |     1 |       ||     1
         Scroll            |       |     8 ||     8
 Armour: Scale mail        |    18 |       ||    18
         Chain mail        |    45 |    41 ||    86
  Dodge: Dodged            |    26 |    11 ||    37
  Block: Buckler           |    16 |     7 ||    23

Table legend: (Time is in decaauts)
 A = Elapsed time spent in this place.
 B = Non-inter-level travel time spent in this place.
 C = Inter-level travel time spent in this place.
 D = Time resting spent in this place.
 E = Time spent auto-exploring this place.
 F = Levels seen in this place.
 G = Mean time per level.
                   A        B        C        D        E       F      G
               +--------+--------+--------+--------+--------+-----+--------+
         Total |   3245 |   3152 |     93 |      0 |   2711 |   4 |  811.2 |
       Dungeon |   3245 |   3152 |     93 |      0 |   2711 |   4 |  811.2 |
               +--------+--------+--------+--------+--------+-----+--------+

Top non-repeatable levels by time:
     D:1: 1121 daAuts
     D:3: 949 daAuts
     D:2: 746 daAuts
     D:4: 427 daAuts
